 Dungeon Crawl Stone Soup version 0.27.0-1-g7a089689b8 (webtiles) character file.

Game seed: 17044236097471496037

114 Dann the Vexing (level 4, -7/33 HPs)
             Began as a Barachi Arcane Marksman on Aug 9, 2021.
             Killed by divine providence
             ... invoked by an orc priest
              (15 damage)
             ... on level 3 of the Dungeon.
             The game lasted 00:14:03 (2446 turns).

Dann the Vexing (Barachi Arcane Marksman)           Turns: 2446, Time: 00:14:03

Health: -7/33      AC:  3    Str: 12    XL:     4   Next: 97%
Magic:  6/7        EV: 12    Int: 13    God:
Gold:   100        SH:  0    Dex: 13    Spells: 3/7 levels left

rFire    . . .     SeeInvis .   a - +0 hand crossbow
rCold    . . .     Faith    .   (no shield)
rNeg     . . .     Spirit   .   d - +0 robe
rPois    .         Reflect  .   (no helmet)
rElec    .         Harm     .   m - +0 cloak
rCorr    .         Rampage  .   (no gloves)
Will     .....                  (no boots)
Stlth    +.........             (no amulet)
HPRegen  0.11/turn              (no ring)
MPRegen  0.10/turn              (no ring)

@: slow
A: amphibious, slowness 1, strong legs 1, +LOS
a: Hop


You were on level 3 of the Dungeon.
You visited 1 branch of the dungeon, and saw 3 of its levels.

You collected 100 gold pieces.

Inventory:

Hand Weapons
 a - a +0 hand crossbow (weapon)
 j - a +0 dagger of venom
 n - a +1 mace of protection
Missiles
 c - 32 bolts (quivered ammo)
 k - 48 arrows
 l - 39 stones
Armour
 d - a +0 robe (worn)
 m - a +0 cloak (worn)
Scrolls
 b - 3 scrolls of identify {unknown}
 e - a scroll of immolation {unknown}
 f - a scroll of enchant weapon {unknown}
 h - a scroll of magic mapping {unknown}
 o - a scroll of teleportation {unknown}
Potions
 g - a potion of degeneration {unknown}
 i - 2 potions of berserk rage {unknown}
 p - a potion of might {unknown}


   Skills:
 + Level 1.7 Fighting
 + Level 3.3 Crossbows
 + Level 2.4 Dodging
 + Level 2.2 Spellcasting
 + Level 0.3 Conjurations
 + Level 4.1 Hexes
 + Level 0.1 Fire Magic


You had 3 spell levels left.
You knew the following spells:

 Your Spells              Type           Power      Damage    Failure   Level
a - Corona                Hex            13%        N/A       4%          1
b - Foxfire               Conj/Fire      8%         2x1d4     22%         1
c - Slow                  Hex            12%        N/A       7%          2

Your spell library contained the following spells:

 Spells                   Type           Power      Damage    Failure   Level
 Animate Skeleton         Necr           2%         N/A       26%         1
 Pain                     Necr           4%         1d4       26%         1
 Inner Flame              Hex/Fire       7%         N/A       30%         3
 Portal Projectile        Hex/Tloc       12%        N/A       32%         3
 Conjure Flame            Conj/Fire      2%         6-21      54%         3
 Vampiric Draining        Necr           0%         2d6       58%         3
 Cause Fear               Hex            6%         N/A       41%         4


Dungeon Overview and Level Annotations

Branches:
Dungeon (3/15)

Altars:

Shops:
D:1 !


Innate Abilities, Weirdness & Mutations

You are amphibious.
You cover ground slowly.
You can hop short distances.
You have an extended range of vision and can be seen from far away.


Message History

The orc priest is moderately wounded.
The orc priest calls upon Beogh to heal the orc priest.
The orc priest's wounds heal themselves!
You hear a shout!
Fire: 33 bolts
Press: ? - help, Q - select action, (/) - cycle Shift-Dir - straight line, f/p - orc
Aim: an orc, wielding a +0 short sword (heavily wounded, 62% to hit)
You shoot a bolt. The bolt hits the orc.
You kill the orc!
A kobold comes into view. It is wielding a +0 whip.
Casting: Corona (safe; 4% risk of failure)
Confirm with . or Enter, or press ? or * to list all spells.
You miscast Foxfire.
You are very lightly contaminated with residual magic.
Nothing appears to happen.
The orc priest looks satisfied for a moment.
The orc priest invokes the aid of Beogh against you.
Pain shoots through your body!
The orc priest looks satisfied for a moment.
Casting: Foxfire (safe; 22% risk of failure)
Confirm with . or Enter, or press ? or * to list all spells.
You conjure some foxfire!
The orc priest mumbles some strange prayers to Beogh against you.
Beogh smites you!
You miss something.
The foxfire hits something. x2; Something hits you.
Something hits you.
Your magical contamination has completely faded away.
Something hits you but does no damage. x2
Really attack while wielding your +0 hand crossbow? [Y]es or [N]o only, please.
Really attack while wielding your +0 hand crossbow? [Y]es or [N]o only, please.
Really attack while wielding your +0 hand crossbow?
Okay, then.
The orc hits you with a +0 falchion.
* * * LOW HITPOINT WARNING * * *
The orc priest misses you.
The orc priest calls down the wrath of Beogh upon you.
Beogh smites you!
You die...

#...#########
##.....#.....## .
##....(........## ..
#.(.............##...
#................[...
#....................
#........o...........
#..(.....K{o..[..#
..(..........o@....#
..<##.....#........#.##
##
#######.)###.#.......
#.####.##..#...
#.#........#..
#######.#.......... ..
#.......#........#
.....#.#..............#
....!.................#


You could see 2 orc priests, an orc and a kobold.

Vanquished Creatures
  Crazy Yiuf (D:2)
  2 adders (D:2)
  A worm (D:2)
  3 dart slugs
  2 orcs (D:3)
  8 ball pythons
  8 bats
  4 endoplasms (D:2)
  2 giant cockroaches
  5 goblins
  3 hobgoblins
  2 jackals (D:2)
  4 quokkas
  2 frilled lizards
  2 kobolds (D:2)
  7 rats
56 creatures vanquished.

Vanquished Creatures (others)
  26 foxfires
26 creatures vanquished.

Grand Total: 82 creatures vanquished

Notes
Turn   | Place    | Note
-------+----------+-------------------------------------------
     0 | D:1      | Dann the Barachi Arcane Marksman began the quest for the
                  | Orb.
     0 | D:1      | Reached XP level 1. HP: 15/15 MP: 2/2
   107 | D:1      | Reached XP level 2. HP: 17/21 MP: 1/4
   163 | D:1      | Found Cuduq's Distillery.
   217 | D:1      | Learned a level 1 spell: Foxfire
   577 | D:1      | Found a faded altar of an unknown god.
   709 | D:1      | Reached XP level 3. HP: 26/26 MP: 2/5
  1195 | D:2      | Learned a level 2 spell: Slow
  1449 | D:2      | Found a runed translucent door.
  1450 | D:2      | Noticed Crazy Yiuf
  1492 | D:2      | Killed Crazy Yiuf
  1493 | D:2      | Reached XP level 4. HP: 10/32 MP: 3/6
  2301 | D:2      | Reached skill level 4 in Hexes
  2446 | D:3      | Killed from afar by an orc priest

Illustrated notes

Levels and vault maps discovered:
D:1:      saegor_arrival_simple_b, layout_basic, ebering_ecumenical_altar_ruins,
          serial_shops, shop
D:2:      layout_rooms, minmay_statues_item, uniq_crazy_yiuf_cottage
D:3:      layout_rooms

Skill      XL: |  1  2  3  4 |
---------------+-------------+-----
Crossbows      | 3 |  3.3
Spellcasting   | 2 |  2.2
Hexes          | 4 |  4.1
Fighting       | |  1.7
Dodging        | |  2.4
Conjurations   | |  0.3
Fire Magic     | |  0.1

Action                   |  1- 3 |  4- 6 || total
-------------------------+-------+-------++-------
Melee: Hand crossbow     |     1 |     1 ||     2
 Fire: Hand crossbow     |    65 |    32 ||    97
 Cast: Corona            |    11 |     6 ||    17
       Foxfire           |    17 |     2 ||    19
       Slow              |     3 |     6 ||     9
Armor: Robe              |    15 |     6 ||    21
Dodge: Dodged            |    30 |    29 ||    59
